 Dungeon Crawl Stone Soup version 0.31.0-11-ge490571c62 (webtiles) character file.

Game seed: 14002297563972590775

4575 qw the Markself (level 10, -3/56 HPs)
             Began as a Deep Elf Hunter on Feb 4, 2024.
             Was an Elder of Okawaru.
             Slain by a blink frog (25 damage)
             ... on level 8 of the Dungeon.
             The game lasted 00:02:51 (6603 turns).

qw the Markself (Deep Elf Hunter)                   Turns: 6603, Time: 00:02:52

Health: -3/56      AC: 11    Str: 12    XL:     10   Next: 18%
Magic:  11/16      EV: 14    Int: 15    God:    Okawaru [****..]
Gold:   499        SH:  0    Dex: 18    Spells: 9/9 levels left

rFire   + . .        p - +3 orcbow (chaos)
rCold   + . .        (shield currently unavailable)
rNeg    . . .        g - +3 ring mail {rF+}
rPois   .            d - +2 helmet
rElec   .            (no cloak)
rCorr   .            (no gloves)
SInv    +            (no boots)
Will    +....        n - amulet of faith
Stlth   +            c - ring of see invisible
HPRegen 0.29/turn    e - ring of protection from cold
MPRegen 0.15/turn

%: faith
@: finesse-ful
A: no striking features
a: Renounce Religion, Heroism, Finesse


You were on level 8 of the Dungeon.
You worshipped Okawaru.
Okawaru was greatly pleased with you.
You visited 3 branches of the dungeon, and saw 10 of its levels.

You collected 499 gold pieces.


   Skills:
 - Level 4.0 Fighting
 + Level 15.6 Ranged Weapons
 - Level 1.5 Armour
 - Level 7.5 Dodging
 - Level 1.2 Stealth
 + Level 5.4 Invocations


You had 9 spell levels left.
You didn't know any spells.
Your spell library was empty.

Inventory:

Hand Weapons
 p - a +3 orcbow of chaos (weapon)
Armour
 d - a +2 helmet (worn)
 g - a +3 ring mail of fire resistance (worn)
Jewellery
 a - a ring of see invisible
 c - a ring of see invisible (left hand)
 e - a ring of protection from cold (right hand)
 j - a ring of resist corrosion
 m - a ring of positive energy
 n - an amulet of faith (around neck)
 q - an amulet of regeneration
 Y - a ring of protection from fire
Wands
 f - a wand of paralysis (8)
 h - a wand of roots (20)
Scrolls
 i - a scroll of teleportation
Potions
 k - 3 potions of enlightenment
 l - 2 potions of magic
 s - 3 potions of resistance

Dungeon Overview and Level Annotations

Branches:
Dungeon (8/15)             Temple (1/1) D:4            Lair (1/5) D:8

Altars:
Ashenzari
Dithmenos
Elyvilon
Fedhas
Hepliaklqana
Kikubaaqudgha
Nemelex Xobeh
Okawaru
Sif Muna
Trog
Uskayaw
Vehumet
Wu Jian
Xom
Zin
The Shining One

Shops:
D:6 :


Message History

The blink frog hits you!
You shoot an arrow. The arrow hits the blink frog!
The blink frog appears confused.
The blink frog is almost dead.
You kill the blink frog!
Okawaru accepts your kill.
You start resting.
Magic restored.
You start resting.
HP restored.
Done exploring.
What level of the Lair of Beasts? (default 1, ? - help)
You climb downwards.
Welcome back to the Lair of Beasts!
The blink frog barely misses you. The blink frog hits you.
The blink frog hits you! The blink frog closely misses you.
The blink frog hits you but does no damage.
The blink frog hits you! The blink frog hits you.
The blink frog hits you but does no damage.
A komodo dragon comes into view.
There is a staircase back to the Dungeon, spattered with blood here.
6598 ||| STAIRDANCE The blink frog hits you!
The blink frog misses you. The blink frog hits you. x2
The blink frog blinks!
You climb upwards.
Welcome back to the Dungeon!
There is a staircase to the Lair here.
Enter note:
Enter note:
Enter note: You shoot an arrow.
The arrow hits the blink frog.
The blink frog seems to grow stronger.
The blink frog is lightly wounded.
The blink frog closely misses you. The blink frog misses you. x2
The blink frog hits you.
6601 ||| INVOKING Finesse.
You can now deal lightning-fast blows.
The blink frog blinks! x2
You shoot an arrow. The arrow misses the blink frog.
You shoot an arrow. The arrow barely misses the blink frog.
The blink frog hits you!!
You die...

#.###.#.#
#.###.#.#
#.......#
......###
####...#
#......#
#.##...#
#.##.### ####
.....# ###F@#
#.#### #.FF##
#.# #.### #.#
#.# #.# #.# #.#
#.# #.#
##.############
..#
#..........)).#
###
##.##########.#


You could see 3 blink frogs.

Vanquished Creatures
  Erica (D:8)
  2 two-headed ogres (D:8)
  A blink frog (D:8)
  2 steam dragons (D:6)
  Edmund (D:5)
  A water moccasin (D:8)
  A black bear (D:6)
  An ice beast (D:6)
  An ogre (D:5)
  3 centaurs
  A phantom (D:5)
  A kobold brigand (D:7)
  4 bullfrogs
  A scorpion (D:6)
  5 wights (D:7)
  A bombardier beetle (D:4)
  4 hounds
  2 jellies (D:4)
  4 orc priests
  A gnoll bouda (D:6)
  An iguana (D:4)
  A sleepcap (D:5)
  8 orc wizards
  4 adders
  17 gnolls
  3 white imps
  2 ufetubi (D:5)
  3 ribbon worms
  19 orcs
  8 bats
  5 endoplasms
  8 giant cockroaches
  5 goblins
  5 hobgoblins
  2 jackals (D:1)
  5 quokkas
  4 ball pythons
  3 frilled lizards
  7 kobolds
  3 rats (D:1)
151 creatures vanquished.

Notes
Turn   | Place    | Note
-------+----------+-------------------------------------------
     0 | D:1      | qw the Deep Elf Hunter began the quest for the Orb.
     0 | D:1      | Reached XP level 1. HP: 12/12 MP: 3/3
     0 | D:1      | 0 ||| qw: Version: 0.3-a-160-g6735b56
     0 | D:1      | 0 ||| qw: Game counter: 5719
     0 | D:1      | 0 ||| qw: Melee chars always use a shield: true
     0 | D:1      | 0 ||| qw: God list: Okawaru
     0 | D:1      | 0 ||| qw: Allow faded altars: false
     0 | D:1      | 0 ||| qw: Do Orc after clearing Dungeon:15 true
     0 | D:1      | 0 ||| qw: Do second Lair branch before Depths: true
     0 | D:1      | 0 ||| qw: Lair rune preference: random
     0 | D:1      | 0 ||| qw: Goals: Normal
     0 | D:1      | 0 ||| PLANNING D:1-11
   144 | D:1      | Reached skill level 6 in Ranged Weapons
   144 | D:1      | Reached XP level 2. HP: 16/16 MP: 4/4
   718 | D:1      | Reached XP level 3. HP: 20/20 MP: 5/5
   725 | D:1      | 725 ||| UPGRADING to +0 helmet.
   730 | D:1      | 730 ||| UPGRADING to +2 ring mail of fire resistance.
   740 | D:1      | 740 ||| DROPPING +0 leather armour.
   741 | D:1      | 741 ||| UPGRADING to amulet of guardian spirit.
   746 | D:1      | 746 ||| READING scroll labelled DIP CIAKHLIGO.
   746 | D:1      | 746 ||| IDENTIFYING scroll labelled ALEVVAHIRA
   747 | D:1      | 747 ||| READING scroll of enchant weapon.
   747 | D:1      | 747 ||| ENCHANTING +0 shortbow.
   748 | D:1      | 748 ||| READING scroll labelled NUN NENTEPH.
   849 | D:1      | 849 ||| DROPPING scroll of butterflies.
   987 | D:2      | You fall into a shaft and drop 2 floors!
  1002 | D:4      | Reached skill level 7 in Ranged Weapons
  1015 | D:3      | Found a shimmering altar of Xom.
  1292 | D:2      | Reached XP level 4. HP: 25/25 MP: 6/6
  1324 | D:2      | 1324 ||| UPGRADING to ring of see invisible.
  1325 | D:2      | 1325 ||| READING 2 scrolls of identify.
  1325 | D:2      | 1325 ||| IDENTIFYING scroll labelled DAFEZ OPPIUR
  1326 | D:2      | 1326 ||| READING scroll of enchant armour.
  1326 | D:2      | 1326 ||| ENCHANTING +0 helmet.
  1361 | D:3      | Reached skill level 8 in Ranged Weapons
  1420 | D:3      | 1420 ||| READING scroll of enchant armour.
  1420 | D:3      | 1420 ||| ENCHANTING +1 helmet.
  1516 | D:3      | Reached XP level 5. HP: 28/29 MP: 7/7
  1666 | D:3      | Found a broken altar of Ashenzari.
  1776 | D:3      | 1776 ||| READING 3 scrolls of identify.
  1776 | D:3      | 1776 ||| IDENTIFYING scroll labelled HENGUWEATY
  1777 | D:3      | 1777 ||| DROPPING scroll of noise.
  1908 | D:4      | Found a staircase to the Ecumenical Temple.
  1909 | D:4      | 1909 ||| PLANNING TEMPLE
  1909 | D:4      | 1909 ||| UPGRADING to ring of resist corrosion.
  1910 | D:4      | 1910 ||| UPGRADING to ring of protection from fire.
  1924 | D:4      | Reached skill level 9 in Ranged Weapons
  1930 | Temple   | Entered the Ecumenical Temple
  1931 | Temple   | 1931 ||| PLANNING OKAWARU WORSHIP
  1937 | Temple   | Became a worshipper of Warmaster Okawaru
  1938 | Temple   | 1938 ||| PLANNING D:1-11
  1938 | Temple   | 1938 ||| REMOVING amulet of guardian spirit.
  1943 | Temple   | 1943 ||| UPGRADING to amulet of the acrobat.
  2206 | D:4      | Found an ancient bone altar of Kikubaaqudgha.
  2221 | D:4      | Reached XP level 6. HP: 34/35 MP: 8/8
  2323 | D:4      | Found a sparkling altar of Nemelex Xobeh.
  2583 | D:4      | 2583 ||| READING 3 scrolls of identify.
  2583 | D:4      | 2583 ||| IDENTIFYING metallic inky potion
  2584 | D:4      | 2584 ||| READING 2 scrolls of identify.
  2584 | D:4      | 2584 ||| IDENTIFYING 2 coppery potions
  2598 | D:5      | Entered Level 5 of the Dungeon
  2614 | D:5      | Noticed Edmund
  2615 | D:5      | 2615 ||| ZAPPING wand of paralysis (12) at -7,2 (Edmund;
                  | floor).
  2616 | D:5      | 2616 ||| ZAPPING wand of paralysis (11) at -6,1 (Edmund;
                  | floor).
  2617 | D:5      | 2617 ||| RETREEEEATING.
  2618 | D:5      | 2618 ||| RETREEEEATING.
  2619 | D:5      | 2619 ||| RETREEEEATING.
  2621 | D:5      | 2621 ||| RETREEEEATING.
  2622 | D:5      | 2622 ||| RETREEEEATING.
  2623 | D:5      | 2623 ||| RETREEEEATING.
  2624 | D:5      | 2624 ||| ZAPPING wand of paralysis (10) at -4,-2 (Edmund;
                  | floor).
  2625 | D:5      | 2625 ||| ZAPPING wand of paralysis (9) at -3,-1 (Edmund;
                  | floor).
  2635 | D:5      | 2635 ||| ZAPPING wand of paralysis (8) at 1,5 (Edmund;
                  | floor).
  2636 | D:5      | 2636 ||| ZAPPING wand of paralysis (7) at 1,4 (Edmund;
                  | floor).
  2643 | D:5      | Reached skill level 10 in Ranged Weapons
  2645 | D:5      | 2645 ||| ZAPPING wand of paralysis (6) at -1,0 (Edmund;
                  | floor).
  2654 | D:5      | 2654 ||| ZAPPING wand of paralysis (5) at -1,0 (Edmund;
                  | floor).
  2655 | D:5      | 2655 ||| ZAPPING wand of paralysis (4) at -1,0 (Edmund;
                  | floor).
  2662 | D:5      | Killed Edmund
  2663 | D:5      | Reached XP level 7. HP: 31/40 MP: 9/9
  2716 | D:5      | Reached skill level 1 in Armour
  2817 | D:5      | Found an ornate altar of the Wu Jian Council.
  3023 | D:5      | 3023 ||| FLEEEEING.
  3026 | D:5      | 3026 ||| FLEEEEING.
  3027 | D:5      | 3027 ||| FLEEEEING.
  3028 | D:5      | 3028 ||| FLEEEEING.
  3029 | D:5      | 3029 ||| FLEEEEING.
  3030 | D:5      | 3030 ||| FLEEEEING.
  3031 | D:5      | 3031 ||| FLEEEEING.
  3032 | D:5      | 3032 ||| FLEEEEING.
  3033 | D:5      | 3033 ||| FLEEEEING.
  3079 | D:5      | Reached * piety under Okawaru
  3272 | D:5      | Reached skill level 1 in Invocations
  3371 | D:5      | 3371 ||| SWAPPING to +0 orcbow.
  3372 | D:5      | 3372 ||| DROPPING +1 shortbow.
  3540 | D:5      | 3540 ||| READING 2 scrolls of identify.
  3540 | D:5      | 3540 ||| IDENTIFYING fizzy coppery potion
  3541 | D:5      | 3541 ||| READING scroll of identify.
  3541 | D:5      | 3541 ||| IDENTIFYING green potion
  3542 | D:5      | 3542 ||| READING scroll labelled ITIOTEBIKI.
  3543 | D:5      | 3543 ||| DROPPING potion of brilliance.
  3592 | D:6      | 3592 ||| STAIRDANCE
  3596 | D:6      | 3596 ||| STAIRDANCE
  3600 | D:5      | Reached skill level 11 in Ranged Weapons
  3688 | D:6      | Noticed a steam dragon
  3688 | D:6      | HP: 8/40 [gnoll/+0 flail[a gnoll bouda] (11)]
  3689 | D:6      | 3689 ||| INVOKING Heroism.
  3693 | D:6      | 3693 ||| STAIRDANCE
  3817 | D:6      | 3817 ||| INVOKING Heroism.
  3824 | D:6      | Killed a steam dragon
  3825 | D:6      | Reached skill level 3 in Invocations
  3825 | D:6      | Reached XP level 8. HP: 44/44 MP: 8/12
  4103 | D:6      | Reached skill level 12 in Ranged Weapons
  4109 | D:6      | Reached ** piety under Okawaru
  4127 | D:6      | Reached skill level 3 in Fighting
  4502 | D:6      | Found a shimmering blue altar of Sif Muna.
  4617 | D:6      | Found Igeimuho's Tremendous Tomes.
  4658 | D:6      | 4658 ||| DROPPING amulet of guardian spirit.
  4659 | D:6      | 4659 ||| DROPPING amulet of magic regeneration.
  4660 | D:6      | 4660 ||| UPGRADING to amulet of regeneration.
  4670 | D:6      | 4670 ||| DROPPING amulet of the acrobat.
  4671 | D:6      | 4671 ||| READING 2 scrolls of identify.
  4671 | D:6      | 4671 ||| IDENTIFYING ruby potion
  4672 | D:6      | 4672 ||| READING scroll of identify.
  4672 | D:6      | 4672 ||| IDENTIFYING scroll labelled IMALOATASCH
  4673 | D:6      | 4673 ||| READING scroll labelled FOMEVU EPHOO.
  4677 | D:6      | 4677 ||| DROPPING scroll of poison.
  4761 | D:7      | Reached skill level 13 in Ranged Weapons
  4885 | D:7      | Reached XP level 9. HP: 49/51 MP: 14/14
  4910 | D:7      | 4910 ||| READING scroll of enchant armour.
  4910 | D:7      | 4910 ||| ENCHANTING +2 ring mail of fire resistance.
  5029 | D:7      | 5029 ||| READING scroll of enchant weapon.
  5029 | D:7      | 5029 ||| ENCHANTING +0 orcbow.
  5318 | D:7      | Reached skill level 14 in Ranged Weapons
  5430 | D:7      | 5430 ||| READING scroll of enchant weapon.
  5430 | D:7      | 5430 ||| ENCHANTING +1 orcbow.
  5586 | D:7      | 5586 ||| READING scroll labelled DIQONU JUMIRI.
  5586 | D:7      | 5586 ||| BRANDING +2 orcbow.
  5587 | D:7      | 5587 ||| READING scroll labelled RAHEUC DACZY.
  5748 | D:8      | Noticed a two-headed ogre
  5749 | D:8      | 5749 ||| INVOKING Heroism.
  5757 | D:8      | Killed a two-headed ogre
  5757 | D:8      | Reached *** piety under Okawaru
  5893 | D:8      | Noticed Erica
  5894 | D:8      | 5894 ||| INVOKING Heroism.
  5900 | D:8      | Killed Erica
  5900 | D:8      | Reached **** piety under Okawaru
  5901 | D:8      | Reached skill level 15 in Ranged Weapons
  5959 | D:8      | Noticed a two-headed ogre
  5960 | D:8      | 5960 ||| INVOKING Finesse.
  5967 | D:8      | Killed a two-headed ogre
  5968 | D:8      | Reached XP level 10. HP: 47/56 MP: 9/15
  6124 | D:8      | Found a staircase to the Lair.
  6145 | D:8      | 6145 ||| DRINKING potion of curing.
  6145 | D:8      | 6145 ||| (to cure confusion)
  6238 | D:8      | 6238 ||| READING scroll of enchant weapon.
  6238 | D:8      | 6238 ||| ENCHANTING +2 orcbow of chaos.
  6443 | D:8      | 6443 ||| PLANNING LAIR
  6443 | D:8      | 6443 ||| UPGRADING to amulet of faith.
  6453 | D:8      | 6453 ||| UPGRADING to ring of protection from cold.
  6455 | D:8      | 6455 ||| READING scroll of identify.
  6455 | D:8      | 6455 ||| IDENTIFYING fizzy cyan potion
  6456 | D:8      | 6456 ||| DROPPING potion of attraction.
  6509 | Lair:1   | Entered Level 1 of the Lair of Beasts
  6510 | Lair:1   | 6510 ||| STAIRDANCE
  6598 | Lair:1   | 6598 ||| STAIRDANCE
  6601 | D:8      | 6601 ||| INVOKING Finesse.
  6603 | D:8      | Slain by a blink frog

Levels and vault maps discovered:
D:1:      roderic_dead_forest, layout_basic
D:2:      layout_rooms, serial_bayou_pond_e
D:3:      layout_rooms, lemuel_doored_altar, mainiacjoe_overflow_tiny_flanked,
          corexii_item_surrounded_by_moat
D:4:      wad_crossroads, layout_cave_pools, kiku_gazebo_pond_becter,
          lemuel_coloured_pillars_altar, minmay_temple_entry_drinking_statues
D:5:      layout_loops_cross, nzn_wu_jian_contemplation, uniq_edmund
D:6:      layout_cave_pools, nicolae_sif_muna_little_library,
          nicolae_shop_i_like_big_books, dreamdust_gnoll_farm
D:7:      layout_basic
D:8:      layout_loops_cross, lair_entry_dummy, uniq_erica
Temple:   hellmonk_temple_micro_hex
Lair:1:   kb_forest_paths, layout_regular_city, kennysheep_abandoned_house,
          uniq_amaemon

Skill      XL: |  1  2  3  4  5  6  7  8  9 |
---------------+----------------------------+-----
Ranged Weapons | 6 7 8 9 10 11 13 15 | 15.6
Fighting       | 2 3 4 |  4.0
Dodging        | 4 7 |  7.5
Armour         | 1 |  1.5
Invocations    | 3 4 5 |  5.4
Stealth        | |  1.2

Action                     |  1- 3 |  4- 6 |  7- 9 | 10-12 || total
---------------------------+-------+-------+-------+-------++-------
   Fire: Shortbow          |   110 |   155 |    80 |       ||   345
         Orcbow            |       |       |   253 |    23 ||   276
 Invoke: Heroism           |       |       |     4 |       ||     4
         Finesse           |       |       |     1 |     1 ||     2
  Evoke: Wand              |       |     9 |       |       ||     9
    Use: Scroll            |     3 |     6 |    11 |     2 ||    22
         Potion            |       |       |       |     1 ||     1
 Armour: Leather armour    |    12 |       |       |       ||    12
         Ring mail         |     1 |    45 |   132 |    16 ||   194
  Dodge: Dodged            |    22 |    40 |   103 |     8 ||   173

Table legend:
 A = Non-vault XP
 B = Vault XP
 C = Vault XP percentage of total XP
 D = Non-vault monster count
 E = Vault monster count
 F = Vault count percentage of total count
                 A         B        C        D         E       F
            +---------+---------+-------+---------+---------+-------
      Total |    5328 |    1208 |  18.5 |     140 |      11 |   7.3
            +---------+---------+-------+---------+---------+-------
        D:1 |      44 |       0 |   0.0 |      28 |       0 |   0.0
        D:2 |      69 |       0 |   0.0 |      18 |       0 |   0.0
        D:3 |      96 |       0 |   0.0 |      11 |       0 |   0.0
        D:4 |     195 |      68 |  25.9 |      12 |       4 |  25.0
        D:5 |     563 |     166 |  22.8 |      18 |       1 |   5.3
        D:6 |    1042 |     130 |  11.1 |      20 |       5 |  20.0
        D:7 |     906 |       0 |   0.0 |      16 |       0 |   0.0
        D:8 |    2413 |     844 |  25.9 |      17 |       1 |   5.6
            +---------+---------+-------+---------+---------+-------
